 Dungeon Crawl Stone Soup version 0.25.1-1-g288607f (webtiles) character file.

Game seed: 16160414847823821655

125 RonnieColeman the Conjurer (level 5, -12/31 HPs)
             Began as an Octopode Conjurer on Sept 13, 2020.
             Mangled by an orc wizard
             ... wielding a +1 dagger of electrocution
              (17 damage)
             ... on level 2 of the Dungeon.
             The game lasted 00:04:11 (2117 turns).

RonnieColeman the Conjurer (Octopode Conjurer)      Turns: 2117, Time: 00:04:11

Health: -12/31     AC:  1    Str:  8    XL:     5   Next: 9%
Magic:  8/20       EV: 13    Int: 18    God:
Gold:   71         SH:  0    Dex: 12    Spells: 9/12 levels left

rFire    . . .     SeeInvis .   n - +1 spear (freeze)
rCold    . . .     Gourm    .   (no shield)
rNeg     . . .     Faith    .   (helmet restricted)
rPois    .         Spirit   .   (no amulet)
rElec    .         Reflect  .   l - ring of magical power
rCorr    .         Harm     .   (no ring)
MR       .....                  (no ring)
Stlth    +++.......             (no ring)
HPRegen  0.10/turn              (no ring)
MPRegen  0.17/turn              (no ring)
                                (no ring)
                                (no ring)

@: no status effects
A: almost no armour, stealthy swim, amphibious, 8 rings, constrict 8, camouflage
1, gelatinous body 1
a: no special abilities


You were on level 2 of the Dungeon.
You were not hungry.

You visited 1 branch of the dungeon, and saw 2 of its levels.

You collected 71 gold pieces.

Inventory:

Hand Weapons
 c - a +0 club
 n - a +1 spear of freezing (weapon)
Jewellery
 l - a ring of magical power (left tentacle)
Scrolls
 a - a scroll of noise {unknown}
 e - a scroll of fear {unknown}
 h - a scroll of enchant weapon {unknown}
 i - 4 scrolls of teleportation {unknown}
 j - 2 scrolls of identify {unknown}
 m - a scroll of fog {unknown}
 o - a scroll of amnesia {unknown}
Potions
 f - a potion of berserk rage {unknown}
 g - a potion of curing {unknown}
 k - a potion of lignification {unknown}
Comestibles
 b - 6 rations
 d - 6 chunks of flesh


   Skills:
 - Level 2.0 Dodging
 - Level 2.6 Stealth
 * Level 4.0 Spellcasting
 + Level 4.8 Conjurations


You had 9 spell levels left.
You knew the following spells:

 Your Spells              Type           Power        Failure   Level  Hunger
a - Magic Dart            Conj           ###.         1%          1    None
b - Searing Ray           Conj           ###...       3%          2    ##.....

Your spell library contained the following spells:

 Spells                   Type           Power        Failure   Level  Hunger
 Dazzling Flash           Conj/Hex       ##....       16%         3    ###....
 Fulminant Prism          Conj/Hex       ##........   47%         4    ####...
 Iskenderun's Mystic Bla  Conj/Tloc      ##......     47%         4    ####...


Dungeon Overview and Level Annotations

Branches:
Dungeon (2/15)

Altars:
Elyvilon
Hepliaklqana
Okawaru
Ru


Innate Abilities, Weirdness & Mutations

You cannot wear most types of armour.
You are very stealthy in the water. (Stealth+)
You are amphibious.
You can wear up to eight rings at the same time.
You can use your tentacles to constrict eight enemies at once.
Your skin changes colour to match your surroundings (Stealth+).
Your rubbery body absorbs attacks. (AC +1, EV +1)


Message History

You are electrocuted!
Casting: Searing Ray (safe; 3% risk of failure)
Confirm with . or Enter, or press ? or * to list all spells.
Aiming: Searing Ray (safe; 3% risk of failure)
Press: ? - help, Shift-Dir - straight line, f - orc wizard
Aim: an orc wizard, wielding a +1 dagger of electrocution and wearing a +0 robe The searing ray hits the orc wizard!
The orc wizard is heavily wounded. (Press . to maintain the ray.)
The orc wizard closely misses you. The orc closely misses you.
The searing ray misses the orc wizard.
The orc wizard hits you with a +1 dagger of electrocution.
The orc hits you with a +0 flail.
* * * LOW HITPOINT WARNING * * *
The searing ray hits the orc wizard.
The orc wizard is almost dead.
The orc wizard hits you but does no damage.
You are electrocuted!
Ouch! That really hurt!
You die...

.....# #....#
###### #....##
#.....# #..รท#.#
#.^.#.. ######. #.
###################
#o@.........#......
#o#########........
#.....o..###.......
#o.#...#o. #.#.....
#.... .....
#.#..... ......o
.... #...####
.##...... ...$#...#
.. ##..#...
..##.#.. . #.....o.
# #.#..


You could see an orc wizard and 2 orcs.

Vanquished Creatures
  4 gnolls (D:2)
  3 adders (D:2)
  A worm (D:1)
  2 dart slugs (D:2)
  A leopard gecko (D:1)
  2 orcs (D:2)
  6 bats
  3 giant cockroaches
  3 goblins (D:1)
  4 hobgoblins
  8 jackals (D:1)
  3 frilled lizards
  4 kobolds
  8 rats
52 creatures vanquished.

Notes
Turn   | Place    | Note
-------+----------+-------------------------------------------
     0 | D:1      | RonnieColeman the Octopode Conjurer began the quest for the
                  | Orb.
     0 | D:1      | Reached XP level 1. HP: 11/11 MP: 3/3
    52 | D:1      | Reached XP level 2. HP: 3/17 MP: 0/5
   693 | D:1      | Reached XP level 3. HP: 15/21 MP: 2/7
  1215 | D:1      | Learned a level 2 spell: Searing Ray
  1576 | D:2      | Found a hazy altar of Hepliaklqana.
  1580 | D:2      | Found a white marble altar of Elyvilon.
  1581 | D:2      | Found an iron altar of Okawaru.
  1586 | D:2      | Found a sacrificial altar of Ru.
  1624 | D:2      | Reached XP level 4. HP: 27/27 MP: 9/9
  2055 | D:2      | Reached XP level 5. HP: 31/31 MP: 11/11
  2117 | D:2      | Mangled by an orc wizard

Illustrated notes

Levels and vault maps discovered:
D:1:      psy_arrival_radial01, layout_rooms
D:2:      cheibrodos_pilgrimage, layout_basic, zin_treasury, minitemple

Skill      XL: |  1  2  3  4 |
---------------+-------------+-----
Spellcasting   | 3 4 |  4.0
Dodging        | |  2.0
Stealth        | |  2.6
Conjurations   | |  4.8

Action                   |  1- 3 |  4- 6 || total
-------------------------+-------+-------++-------
Melee: Unarmed           |    19 |       ||    19
       Constrict         |    22 |     2 ||    24
       Tentacles         |    12 |       ||    12
       Club              |    47 |       ||    47
       Spear             |       |     8 ||     8
 Cast: Magic Dart        |    38 |     3 ||    41
       Searing Ray       |     2 |     8 ||    10
 Stab: Sleeping          |     6 |     2 ||     8
  Eat: Chunk             |     2 |     2 ||     4
Armor: Skin              |    13 |     5 ||    18
Dodge: Dodged            |    65 |    14 ||    79
